Map: Ruins of Seras

Players

FireCake

  • Race: Zerg Zerg
  • League: Grandmaster

MMA - Winner!

  • Race: Terran Terran

Event: Homestory Cup XII

VOD

Have the link to the VOD?

Description

Time

  • Played on: Dec. 20, 2015, 4:41 p.m.
  • Length: 16:46

All games in this series

Show
View Real Time Build Order
Export as new Build Order

FireCake Zerg 

Build Orders: 3 Hatch before Pool 

Get SALT Encoding   

  12  0:00  Drone  
  13  0:08  Drone  
  14  0:17  Overlord  
  14  0:22  Extractor  
  14  0:23  Drone  
  16  0:35  Drone x2  
  17  0:45  Drone  
  18  0:57  Hatchery  
  18  0:59  Drone  
  18  1:06  Drone  
  19  1:16  Drone  
  20  1:26  Drone  
  20  1:30  Hatchery  
  20  1:35  Extractor  
  20  1:37  Drone  
  20  1:46  Spawning Pool  
  19  1:53  Drone  
  20  1:59  Drone  
  21  2:11  Drone  
  21  2:13  Drone  
  23  2:20  Overlord  
  23  2:33  Zergling x2  
  23  2:34  Queen, Zergling x4  
  23  2:36  Queen  
  28  2:41  Metabolic Boost, Extractor  
  28  2:43  Extractor  
  26  2:47  Drone  
  29  2:54  Spore Crawler  
  29  2:55  Drone x2  
  31  3:01  Drone x3  
  34  3:05  Drone  
  34  3:06  Drone  
  36  3:15  Drone x2  
  36  3:16  Drone  
  36  3:17  Drone  
  40  3:24  Roach Warren  
  39  3:28  Overlord  
  39  3:36  Drone  
  39  3:37  Drone x2  
  42  3:45  Queen  
  44  3:49  Zergling x2  
  44  3:50  Zergling x6  
  44  3:51  Overlord  
  44  3:54  Overlord  
  48  4:07  Roach  
  50  4:10  Roach  
  50  4:11  Roach x3  
  50  4:12  Roach  
  50  4:13  Roach  
  50  4:14  Roach  
  66  4:17  Roach  
  66  4:20  Overlord  
  66  4:31  Overlord x2  
  66  4:43  Roach x4  
  72  4:52  Roach  
  68  4:59  Zergling x2  
  60  5:00  Zergling x20  
  70  5:14  Zergling x10  
  74  5:33  Zergling x2  
  74  5:34  Zergling x18  
  73  5:45  Zergling x4  
  73  5:46  Ravager  
  76  5:56  Drone  
  76  5:57  Drone x2  
  74  6:05  Drone x4  
  75  6:12  Drone x2  
  75  6:17  Drone  
  78  6:25  Drone x3  
  80  6:26  Drone  
  80  6:28  Extractor  
  81  6:36  Drone x5  
  81  6:38  Extractor  
  69  6:57  Zergling x2  
  69  6:58  Zergling x14  
  61  7:08  Zergling x4  
  61  7:09  Zergling x2  
  61  7:12  Queen x2  
  64  7:23  Drone x4  
  64  7:25  Extractor x2  
  64  7:26  Lair  
  64  7:34  Overlord  
  64  7:35  Overlord  
  64  7:43  Spore Crawler  
  63  7:45  Roach  
  63  7:46  Roach x3  
  71  7:54  Spore Crawler  
  71  7:55  Drone x2  
  71  8:03  Roach x3  
  74  8:13  Spore Crawler  
  74  8:18  Ravager x4  
  74  8:19  Drone x7  
  84  8:25  Glial Reconstitution  
  84  8:38  Queen  
  84  8:40  Drone x3  
  86  8:43  Drone x7  
  86  8:45  Extractor  
  92  8:50  Spire  
  92  8:53  Roach x3  
  97  8:58  Overlord x2  
  97  9:03  Overlord  
  97  9:08  Drone  
  97  9:19  Zergling x2  
  97  9:20  Zergling x12  
  104  9:29  Overlord  
  104  9:37  Overlord  
  104  9:43  Hatchery  
  103  9:49  Zergling x6  
  106  10:03  Mutalisk x10  
  106  10:06  Zerg Flyer Weapons Level 1  
  126  10:14  Evolution Chamber  
  122  10:15  Evolution Chamber  
  122  10:16  Roach  
  122  10:17  Roach x3  
  122  10:20  Overlord  
  126  10:28  Roach x2  
  130  10:34  Overlord  
  130  10:35  Overlord x2  
  130  10:44  Zerg Missile Weapons Level 1, Zerg Ground Armor Level 1  
  130  10:48  Roach x2  
  130  10:49  Roach x2  
  138  10:53  Overlord x2  
  138  10:54  Roach  
  140  11:00  Roach  
  140  11:01  Roach x2  
  146  11:08  Roach  
  146  11:09  Roach x2  
  152  11:14  Roach  
  152  11:15  Roach x2  
  156  11:24  Roach x4  
  164  11:33  Roach x2  
  164  11:34  Overlord, Roach  
  170  11:43  Overlord  
  170  11:57  Roach x6  
  182  12:06  Roach x2  
  182  12:07  Overlord  
  183  12:34  Ravager x16  
  197  12:50  Roach  
  168  13:10  Roach  
  168  13:11  Roach x8  
  158  13:14  Roach x6  
  158  13:15  Roach x6  
  158  13:18  Roach x2  
  158  13:19  Roach x3  
  142  13:23  Roach x2  
  137  13:34  Roach x5  
  141  13:44  Roach  
  141  13:45  Roach x3  
  151  13:55  Roach  
  151  13:56  Roach x4  
  159  14:06  Roach x4  
  166  14:21  Roach  
  166  14:22  Roach x5  
  173  14:45  Roach x7  
  199  15:13  Ravager  
  199  15:14  Ravager x11  
  195  15:36  Roach  
  195  15:37  Roach  
  196  16:01  Hatchery  
  194  16:22  Overlord x2  
Show
View Real Time Build Order
Export as new Build Order

MMA Terran - Winner!

Build Orders: Liberator Opening, Reaper Expand 

Get SALT Encoding   

  12  0:00  SCV  
  13  0:13  SCV  
  14  0:17  Supply Depot  
  14  0:25  SCV  
  15  0:39  SCV  
  15  0:40  Barracks  
  16  0:45  Refinery  
  16  0:51  SCV  
  17  1:03  SCV  
  18  1:15  SCV  
  19  1:28  Orbital Command  
  19  1:29  Reaper  
  20  1:42  Command Center  
  20  1:51  Supply Depot  
  21  1:54  SCV  
  21  2:00  Marine  
  22  2:06  SCV  
  23  2:15  Factory  
  23  2:19  SCV  
  23  2:22  Refinery  
  24  2:23  Barracks Reactor  
  24  2:31  SCV  
  25  2:43  SCV  
  26  2:54  Orbital Command  
  26  2:55  SCV  
  27  3:00  Starport  
  27  3:06  Hellion x2, Marine  
  27  3:07  SCV  
  33  3:19  SCV  
  34  3:23  SCV  
  34  3:24  Marine  
  36  3:28  Supply Depot  
  36  3:29  Hellion  
  36  3:31  Hellion  
  40  3:36  SCV x2, Medivac  
  44  3:42  Marine  
  44  3:46  Armory  
  45  3:51  Hellion  
  45  3:52  Liberator  
  45  3:53  Hellion  
  49  3:57  Supply Depot  
  49  3:59  SCV  
  49  4:00  SCV  
  49  4:02  Barracks Tech Lab  
  54  4:18  SCV x2  
  54  4:19  Hellion x2  
  60  4:25  Supply Depot  
  60  4:30  SCV x2  
  59  4:40  Hellion  
  59  4:42  SCV x2  
  54  4:55  SCV x2  
  47  5:07  SCV x2  
  47  5:09  Bunker  
  47  5:11  Marine  
  47  5:12  Siege Tank, Marine  
  52  5:19  SCV x2  
  54  5:31  SCV x2  
  54  5:32  Marine x2  
  54  5:35  Medivac  
  56  5:43  SCV  
  57  5:52  Marine x2  
  57  5:55  SCV, Siege Tank  
  61  5:59  Command Center  
  61  6:01  Hellion x3  
  59  6:04  Orbital Command  
  59  6:08  Liberator  
  58  6:16  Barracks x2, Orbital Command  
  55  6:22  Marine x2  
  60  6:28  SCV  
  61  6:40  SCV  
  62  6:51  Marine x2  
  62  6:52  SCV  
  62  6:53  Orbital Command  
  45  7:04  SCV  
  45  7:07  Siege Tank  
  45  7:16  SCV  
  45  7:18  Orbital Command  
  45  7:21  SCV  
  47  7:28  Marine x2  
  47  7:29  SCV, Marine x2  
  52  7:33  SCV  
  53  7:41  SCV  
  51  7:45  SCV  
  51  7:47  Barracks Tech Lab x2, Marine  
  51  7:49  Marine  
  54  7:52  Starport Reactor  
  54  7:53  SCV  
  54  7:57  SCV  
  56  8:05  SCV  
  57  8:07  Engineering Bay  
  57  8:08  Engineering Bay  
  57  8:09  SCV  
  60  8:13  Combat Shields, Stimpack  
  60  8:17  SCV  
  60  8:18  Supply Depot  
  59  8:20  Marine x3  
  59  8:24  Marine  
  63  8:29  Siege Tank  
  66  8:34  SCV  
  66  8:35  SCV x2  
  66  8:40  Terran Infantry Weapons Level 1, Terran Infantry Armor Level 1  
  65  8:45  Marine x2  
  67  8:52  Orbital Command  
  67  8:54  Barracks  
  67  8:57  Barracks  
  67  8:59  SCV  
  67  9:00  SCV, Refinery x2  
  69  9:03  Marine x4  
  69  9:07  Medivac x2  
  77  9:12  SCV x2  
  79  9:20  Marine x2  
  79  9:22  Siege Tank  
  79  9:23  Marine  
  79  9:24  SCV x3  
  87  9:30  Marine  
  89  9:36  SCV x2, Armory  
  91  9:38  SCV  
  91  9:40  Marine  
  91  9:42  Barracks Reactor  
  91  9:44  Barracks Reactor  
  91  9:45  Supply Depot x2  
  93  9:53  Liberator  
  93  9:59  Supply Depot  
  93  10:00  Supply Depot x2  
  95  10:08  Marine, Marauder x2  
  95  10:09  Siege Tank, Marine  
  95  10:12  SCV x3  
  107  10:14  Supply Depot  
  106  10:27  Reaper, Marine x5  
  114  10:29  Marine x2  
  114  10:35  Bunker  
  114  10:37  Terran Infantry Weapons Level 2, Bunker  
  114  10:45  Missile Turret x2, Marine x4  
  114  10:47  Missile Turret  
  118  10:52  Terran Infantry Armor Level 2  
  117  10:57  Medivac  
  117  11:02  Refinery x2  
  119  11:08  Marine x2  
  119  11:10  Marine x3  
  125  11:13  Marine x2  
  124  11:21  Marine  
  124  11:23  Supply Depot x2  
  124  11:26  Marine  
  124  11:27  Siege Tank, Marine  
  124  11:28  Marine x2  
  124  11:29  SCV x2  
  124  11:31  Marauder  
  133  11:33  Marine x2  
  133  11:38  Marine  
  138  11:41  Medivac x2  
  138  11:44  Marine  
  138  11:46  Marine  
  142  11:54  SCV x2  
  142  11:59  Marauder  
  143  12:03  Marine x6  
  143  12:05  Marine  
  143  12:06  Siege Tank  
  153  12:13  Supply Depot  
  153  12:14  Supply Depot  
  153  12:17  Supply Depot  
  153  12:21  Terran Vehicle Weapons Level 1  
  153  12:26  Marine x4  
  153  12:27  Marine  
  153  12:29  Marine  
  157  12:30  SCV x3  
  157  12:31  Marauder  
  157  12:35  Marauder  
  159  12:44  Marine x2  
  158  12:45  Barracks  
  158  12:46  Barracks  
  158  12:47  SCV x2  
  162  12:57  SCV  
  137  13:07  Marine  
  137  13:08  SCV x2  
  137  13:11  Marine x2  
  137  13:12  Marine x2  
  116  13:14  Siege Tank  
  116  13:15  Marine x2  
  116  13:17  Marine  
  91  13:20  Medivac x2  
  91  13:24  Marine  
  90  13:30  Marine  
  90  13:33  Marauder  
  93  13:35  Command Center  
  93  13:40  Terran Infantry Weapons Level 3  
  93  13:41  Terran Infantry Armor Level 3  
  93  13:42  Concussive Shells  
  93  13:46  Siege Tank  
  93  13:47  Marauder, Marine x2  
  93  13:48  Marine x2  
  101  13:50  Marine  
  101  13:53  Marine x2  
  101  13:54  Marine  
  103  13:57  Marine  
  103  14:02  Medivac  
  106  14:05  Marine x2  
  106  14:08  Marauder  
  108  14:12  Marine x2  
  108  14:16  Marauder, Marine x2  
  115  14:25  Terran Vehicle Weapons Level 2  
  115  14:30  Marauder  
  115  14:31  Siege Tank, Marine x2  
  120  14:32  Barracks Tech Lab  
  120  14:34  Barracks Reactor, Marine x2  
  120  14:36  Marine  
  120  14:38  Marauder  
  126  14:42  Supply Depot  
  125  14:51  Marauder  
  129  14:53  Marine x5, Marauder  
  129  14:54  Marine  
  129  14:59  Marauder  
  137  15:06  Sensor Tower  
  137  15:11  Marine  
  137  15:13  Siege Tank  
  140  15:14  Medivac  
  140  15:18  Medivac  
  144  15:31  Marauder  
  148  15:38  Marine x3  
  148  15:42  Marine x2  
  153  15:43  Orbital Command  
  153  15:44  Medivac  
  153  15:47  Marine x2  
  153  15:48  Medivac  
  159  15:54  Marine  
  159  15:56  Planetary Fortress  
  158  15:59  Marine  
  158  16:00  Marine x2  
  158  16:02  Marauder  
  161  16:11  Marauder x2, Marine x2  
  161  16:12  Marine x2  
  161  16:13  Marine  
  161  16:14  Orbital Command  
  161  16:17  Marine x2  
  170  16:25  Marine x2  
Tags
 
Add a new tag
Caveats
  • Supply blocks, unpowered buildings, or Contaminate may cause inaccurate times.
  • Supply counts are checked every 10 seconds.